 Dungeon Sprint DCSS version 0.30-a0-622-gddc90eaa04 (webtiles) character file.

Game seed: 691465819178168747

39 Darkkill the Slasher (level 3, -1/36 HPs)
             Began as a Minotaur Monk on Jan 10, 2023.
             Was an Initiate of Gozag.
             Slain by a gnoll
             ... wielding a +0 spear
             ... led by a gnoll sergeant
              (9 damage)
             ... while paralysed by a floating eye
             ... in the Dungeon (Sprint VII: "The Pits").
             The game lasted 00:00:31 (121 turns).

Darkkill the Slasher (Minotaur Monk)                 Turns: 121, Time: 00:00:32

Health: -1/36      AC:  2    Str: 17    XL:     3   Next: 26%
Magic:  2/2        EV:  2    Int:  7    God:    Gozag
Gold:   198        SH:  0    Dex: 12    Spells: 2/2 levels left

rFire   . . .      SeeInvis .    j - +2 quarterstaff
rCold   . . .      Faith    .    (shield currently unavailable)
rNeg    . . .      Spirit   .    b - +0 robe
rPois   .          Reflect  .    (helmet restricted)
rElec   .          Harm     .    (no cloak)
rCorr   .          Rampage  .    (no gloves)
Will    .....      NoTele   +    (no boots)
Stlth   ++                       (no amulet)
HPRegen 0.26/turn                (no ring)
MPRegen 0.08/turn                (no ring)

@: paralysed
A: horns 2, retaliatory headbutt
a: Renounce Religion, Potion Petition, Call Merchant, Bribe Branch


You were in the Dungeon.
You worshipped Gozag.
Gozag was aware of your devotion.
You visited 1 branch You collected 198 gold pieces.

Inventory:

Hand Weapons
 j - a +2 quarterstaff (weapon)
Missiles
 k - 10 stones (quivered)
Armour
 b - a +0 robe (worn)
Scrolls
 i - a scroll of blinking
 l - 5 scrolls of amnesia
 m - a scroll of summoning
Potions
 a - 2 potions of invisibility
 c - a potion of ambrosia
 d - a potion of curing {@q1}
 e - a potion of heal wounds
 f - a potion of haste
 g - 4 potions of magic
 h - 3 potions of berserk rage


   Skills:
 + Level 5.3 Fighting
 + Level 5.3 Long Blades
 + Level 4.8 Dodging
 + Level 3.3 Stealth


You had 2 spell levels left.
You didn't know any spells.
Your spell library was empty.

Dungeon Overview and Level Annotations

Branches:
Dungeon (1/1)

Altars:
Ashenzari
Cheibriados
Dithmenos
Elyvilon
Fedhas
Gozag
Hepliaklqana
Kikubaaqudgha
Makhleb
Nemelex Xobeh
Okawaru
Qazlal
Ru
Sif Muna
Trog
Uskayaw
Vehumet
Wu Jian
Xom
Yredelemnul
Zin
The Shining One
Jiyva
Lugonu


Innate Abilities, Weirdness & Mutations

You have a pair of horns on your head.
You reflexively headbutt those who attack you in melee.


Message History

Found a +2 quarterstaff, a +2 falchion and a +2 mace.
There is an open door here.
Things that are here:
a +2 quarterstaff; a +2 trident
j - a +2 quarterstaff
j - a +2 quarterstaff (weapon)
You drop a +0 falchion.
Things that are here:
a +2 falchion; a +2 dagger
Things that are here:
a +2 mace; a +2 hand axe You open the door.
Found 2 potions of magic, 10 stones and 2 scrolls of vulnerability.
There is an open door here.
g - 4 potions of magic (gained 2)
h - 3 potions of berserk rage (gained 2)
a - 2 potions of invisibility
k - 10 stones
l - 5 scrolls of amnesia;
m - a scroll of summoning You see here 2 scrolls of vulnerability.
You see here 2 scrolls of vulnerability.
There is an open door here.
Things that are here:
a +2 mace; a +2 hand axe
Things that are here:
a +2 falchion; a +2 dagger
Things that are here:
a +0 falchion; a +2 trident
There is an open door here.
You start resting.
HP restored.
You open the door.
A gnoll and a frilled lizard come into view.
The gnoll shouts!
The frilled lizard hisses angrily.
You sock the gnoll!
The gnoll is severely wounded.
The gnoll closely misses you.
You barely miss the gnoll. You headbutt the gnoll.
You kill the gnoll!
You closely miss the frilled lizard. You headbutt the frilled lizard.
You kill the frilled lizard!
You now have 90 gold pieces.
There is an open door here.
You see here a +0 whip.
You open the door.
There is an open door here.
You open the door.
A gnoll and an adder come into view.
There is an open door here.
The gnoll shouts!
The adder hisses angrily.
The gnoll misses you. You furiously retaliate!
You headbutt the gnoll! The gnoll barely misses you.
You sock the gnoll!
You kill the gnoll!
The adder closely misses you.
Your Fighting skill increases to level 5!
Your Long Blades skill increases to level 5!
Your Stealth skill increases to level 3!
You have reached level 3!
Your experience leads to an increase in your attributes!
Increase (S)trength, (I)ntelligence, or (D)exterity?
You feel stronger. x2
You closely miss the adder. The adder bites you. The adder barely misses you.
You closely miss the adder. Your headbutt misses the adder.
The adder bites you.
You barely miss the adder. Your headbutt misses the adder. The adder bites you.
The adder closely misses you.
You closely miss the adder. The adder completely misses you.
You furiously retaliate!
You headbutt the adder!
You kill the adder!
You now have 198 gold pieces (gained 108).
There is an open door here.
You see here a +0 flail.
You open the large door.
A rat and 3 gnolls come into view.
The gnoll shouts! x2; You hear a shout!
The gnoll shouts!
A gnoll sergeant comes into view. It is wielding a +0 spear of pain.
A floating eye comes into view.
A floating eye comes into view.
There is an open door here.
You see here a +0 flail.
The gnoll completely misses you. The floating eye's view fixates on you.
There is an open door here.
You see here a +0 flail.
You barely miss the gnoll.
You headbutt the gnoll, but do no damage.
The gnoll hits you but does no damage. The gnoll hits you with a +0 spear.
The floating eye gazes piercingly through you!
You suddenly lose the ability to move!
The gnoll hits you with a +0 club.
The gnoll sergeant hits you from afar with a +0 spear of pain!
The gnoll hits you with a +0 club. The gnoll hits you with a +0 spear!
* * * LOW HITPOINT WARNING * * *
The floating eye's stare focuses on you.
The gnoll hits you with a +0 club.
* * * LOW HITPOINT WARNING * * *
The floating eye gazes piercingly through you!
You shrug off the repeated paralysis!
The gnoll hits you with a +0 spear!
You die...
Your body crumbles into a pile of gold.

#.?..')))'.##......#..#.
##########.##...........
#..........†'...........
#+#####)#####......#..#.
#. #...'.##...........
#..#...#.#####'#####++
#..#####.##.......#
#..'Ggg#.##.......#
#..rGgg@.##.......#
#..########...<...# #.
#.......# # #.......#
#.......# #########


You could see a gnoll sergeant, 2 floating eyes, 3 gnolls and a rat.

Vanquished Creatures
  2 gnolls (D)
  An adder (D)
  A river rat (D)
  A frilled lizard (D)
5 creatures vanquished.

Notes
Turn   | Place    | Note
-------+----------+-------------------------------------------
     0 | D        | Darkkill the Minotaur Monk began the quest for the Orb.
     0 | D        | Reached XP level 1. HP: 19/19 MP: 0/0
    20 | D        | Reached XP level 2. HP: 14/28 MP: 1/1
    24 | D        | Found a bloodstained altar of Trog.
    24 | D        | Found a shimmering blue altar of Sif Muna.
    24 | D        | Found a viscous altar of Jiyva.
    24 | D        | Found a hazy altar of Hepliaklqana.
    24 | D        | Found an opulent altar of Gozag.
    25 | D        | Found a glowing golden altar of the Shining One.
    25 | D        | Found a glowing silver altar of Zin.
    25 | D        | Found a basalt altar of Yredelemnul.
    25 | D        | Found a shimmering altar of Xom.
    25 | D        | Found an ornate altar of the Wu Jian Council.
    25 | D        | Found a sacrificial altar of Ru.
    25 | D        | Found a stormy altar of Qazlal.
    25 | D        | Found an iron altar of Okawaru.
    25 | D        | Found a sparkling altar of Nemelex Xobeh.
    25 | D        | Found a burning altar of Makhleb.
    25 | D        | Found a blossoming altar of Fedhas.
    25 | D        | Found a white marble altar of Elyvilon.
    25 | D        | Found a shadowy altar of Dithmenos.
    25 | D        | Found a snail-covered altar of Cheibriados.
    27 | D        | Found a radiant altar of Vehumet.
    27 | D        | Found a corrupted altar of Lugonu.
    28 | D        | Found a hide-covered altar of Uskayaw.
    28 | D        | Found an ancient bone altar of Kikubaaqudgha.
    28 | D        | Found a broken altar of Ashenzari.
    32 | D        | Became a worshipper of Gozag Ym Sagoz the Greedy
   104 | D        | Reached skill level 5 in Fighting
   104 | D        | Reached skill level 5 in Long Blades
   104 | D        | Reached XP level 3. HP: 36/36 MP: 2/2
   115 | D        | Noticed a gnoll sergeant
   115 | D        | Noticed a floating eye
   116 | D        | Noticed a floating eye
   119 | D        | Paralysed by a floating eye for 4 turns
   121 | D        | Slain by a gnoll

Illustrated notes

Levels and vault maps discovered:
D:        pitsprint [storerooms_1, entrance_room_1, metal_vault_8, armoury_1,
          mini_pit_1, grid_room_1, main_hall_1, silver_pit, the_coven_1,
          the_vestibule_1, steel_vault_2, golden_pit, hallway_of_sentries,
          crystal_vault_2, iron_vault_4, final_vault]

Skill      XL: |  1  2 |
---------------+-------+-----
Fighting       | 4 5 |  5.3
Long Blades    | 4 5 |  5.3
Dodging        | 4 |  4.8
Stealth        | 2 3 |  3.3

Action                   || total
-------------------------++-------
Melee: Falchion          ||     7
       Headbutt          ||     5
       Quarterstaff      ||     9
Armor: Robe              ||     2
Dodge: Dodged            ||    10

Table legend: (Time is in decaauts)
 A = Elapsed time spent in this place.
 B = Non-inter-level travel time spent in this place.
 C = Inter-level travel time spent in this place.
 D = Time resting spent in this place.
 E = Time spent auto-exploring this place.
 F = Levels seen in this place.
 G = Mean time per level.
                   A        B        C        D        E       F      G
               +--------+--------+--------+--------+--------+-----+--------+
         Total |    124 |    124 |      0 |     12 |      0 |   1 |  124.0 |
       Dungeon |    124 |    124 |      0 |     12 |      0 |   1 |  124.0 |
               +--------+--------+--------+--------+--------+-----+--------+

Top non-repeatable levels by time:
       D: 124 daAuts

Table legend:
 A = Kills in this place as a percentage of kills in entire the game.
 B = Kills by you in this place as a percentage of kills by you in the entire game.
 C = Kills by friends in this place as a percentage of kills by friends in the entire game.
 D = Other kills in this place as a percentage of other kills in the entire game.
 E = Experience gained in this place as a percentage of experience gained in the entire game.
 F = Experience gained in this place divided by the number of levels of this place that you have seen.
                   A       B       C       D       E      F
               +-------+-------+-------+-------+-------+----------------------
         Total | 100.0 | 100.0 |   N/A |   N/A | 100.0 |  56.0
       Dungeon | 100.0 | 100.0 |   N/A |   N/A | 100.0 |  56.0
               +-------+-------+-------+-------+-------+----------------------
